 Dungeon Crawl Stone Soup version 0.27-a0-346-ga689d4a613 (webtiles) character file.

Game seed: 7226917709118272937

63416 wakim the Warrior (level 14, -3/216 HPs)
             Began as a Minotaur Berserker on Feb 15, 2021.
             Was a High Priest of Trog.
             Succumbed to poison (poison gas)
             ... on level 6 of the Lair of Beasts.
             The game lasted 00:55:40 (17924 turns).

wakim the Warrior (Minotaur Berserker)             Turns: 17924, Time: 00:55:41

Health: -3/216     AC: 27    Str: 24    XL:     14   Next: 68%
Magic:  13/13      EV: 19    Int:  6    God:    Trog [*****.]
Gold:   1554       SH: 12    Dex: 17    Spells: 13/13 levels left

rFire    . . .     SeeInvis .   b - +3 demon trident
rCold    + . .     Faith    .   n - +2 buckler
rNeg     . . .     Spirit   .   H - +4 scale mail {rC+}
rPois    .         Reflect  +   N - +2 hat {Stlth+}
rElec    .         Harm     .   i - +0 cloak
rCorr    .         Rampage  .   x - +0 pair of gloves
Will     ++...                  I - +2 pair of boots {Stlth+}
Stlth    ..........             k - amulet of reflection
HPRegen  0.46/turn              l - +4 ring of protection
MPRegen  0.13/turn              r - ring of Reasuew {Will+ Dex+6 Slay+3}

@: berserking, lethally poisoned (-3 -> -153), very quick
A: retaliatory headbutt, horns 2
a: Renounce Religion, Berserk, Trog's Hand, Brothers in Arms


You were on level 6 of the Lair of Beasts.
You worshipped Trog.
Trog was extremely pleased with you.
You visited 2 branches of the dungeon, and saw 19 of its levels.
You also visited: Ossuary and Ice Cave.

You collected 1554 gold pieces.

Inventory:

Hand Weapons
 b - a +3 demon trident (weapon)
 w - a +1 broad axe of flaming
 K - the +10 halberd of the Six Portals {vorpal, Str+5}
   (You found it in an ice cave)

   It inflicts extra damage upon your enemies.
   It affects your strength (+5).
Missiles
 B - 8 boomerangs (quivered)
Armour
 i - a +0 cloak (worn)
 n - a +2 buckler (worn)
 x - a +0 pair of gloves (worn)
 H - a +4 scale mail of cold resistance (worn)
 I - a +2 pair of boots of stealth (worn)
 M - the +1 scale mail of Itojot {rPois rF- Str+3 Int+5}
   (You found it on level 2 of the Lair of Beasts)

   It affects your strength (+3).
   It affects your intelligence (+5).
   It makes you vulnerable to fire.
   It protects you from poison.
 N - a +2 hat of stealth (worn)
 Q - +0 acid dragon scales
Jewellery
 k - an amulet of reflection (around neck)
 l - a +4 ring of protection (left hand)
 r - the ring of Reasuew (right hand) {Will+ Dex+6 Slay+3}
   (You acquired it on level 11 of the Dungeon)

   [ring of dexterity]

   It affects your dexterity (+6).
   It affects your accuracy and damage with ranged weapons and melee attacks
   (+3).
   It affects your willpower, your defense against some magical effects.
 F - a +6 ring of strength
 L - a ring of flight
Wands
 j - a wand of paralysis (23)
 p - a wand of acid (6)
 z - a wand of charming (14)
 D - a wand of iceblast (20)
 E - a wand of mindburst (5)
 G - a wand of flame (49)
Scrolls
 c - 8 scrolls of teleportation
 d - 2 scrolls of fog
 g - 20 scrolls of identify
 t - 3 scrolls of enchant weapon
 y - 3 scrolls of fear
 J - a scroll of summoning
 O - a scroll of immolation
 P - a scroll of magic mapping
Potions
 a - 3 potions of ambrosia
 e - 4 potions of attraction
 f - 5 potions of heal wounds
 h - 2 potions of haste
 m - a potion of cancellation
 o - 9 potions of might
 q - 7 potions of curing
 s - 3 potions of magic
 u - 9 potions of flight
 v - 3 potions of berserk rage
 A - 5 potions of lignification
 C - a potion of invisibility


   Skills:
 + Level 18.3 Fighting
 - Level 4.0(9.6) Axes
 - Level 5.7(6.3) Maces & Flails
 * Level 12.0(12.3) Polearms
 + Level 3.0 Throwing
 * Level 16.3 Armour
 * Level 12.1 Dodging
 + Level 3.7 Stealth
 - Level 4.0 Shields
 + Level 2.5 Evocations


You had 13 spell levels left.
You didn't know any spells.
Your spell library was empty.

Dungeon Overview and Level Annotations

Branches:
Dungeon (13/15)            Temple (0/1) D:6            Lair (6/6) D:11
 Shoals (0/4) Lair:2       Spider (0/4) Lair:2        Slime (0/5) Lair:5
    Orc (0/2) D:11        Ossuary (visited)           IceCv (visited)
 Vaults: D:13-14

Altars:
Ashenzari
Cheibriados
Dithmenos
Kikubaaqudgha
Makhleb
Nemelex Xobeh
Okawaru
Qazlal
Ru
Sif Muna
Uskayaw
Xom
Jiyva

Shops:
D:4 (


Innate Abilities, Weirdness & Mutations

You reflexively headbutt those who attack you in melee.
You have a pair of horns on your head.


Message History

You are more poisoned.
* * * LOW HITPOINT WARNING * * *
x2 You feel very sick.
The fire dragon breathes flames at you. The blast of flame hits you!
* * * LOW HITPOINT WARNING * * *
You are too berserk!
You puncture the swamp dragon! You headbutt the swamp dragon!
You kill the swamp dragon!
Trog accepts your kill.
You hear a splash.
The swamp dragon scales are intact enough to wear.
You are engulfed in poison gas.
You are more poisoned.
* * * LOW HITPOINT WARNING * * *
x2 You feel very sick.
You barely miss the fire dragon.
The fire dragon is moderately wounded.
You are engulfed in poison gas.
You are more poisoned.
* * * LOW HITPOINT WARNING * * *
x2 You feel very sick.
The fire dragon bites you but does no damage.
The fire dragon claws you but does no damage.
You block the fire dragon's attack.
You impale the fire dragon!!
The fire dragon is severely wounded.
You are engulfed in poison gas.
You are more poisoned.
* * * LOW HITPOINT WARNING * * *
x2 You feel very sick.
You barely miss the fire dragon. You headbutt the fire dragon!
The fire dragon is severely wounded.
* * * LOW HITPOINT WARNING * * *
You feel very sick.
You impale the fire dragon!!
You kill the fire dragon!
Trog accepts your kill.
You hear a splash.
You die...

........####
........#####
..........#.#
...........##
P.#P.≈≈P.### ♣♣♣♣♣♣♣♣
..#♣♣≈≈.♣♣♣♣
♣♣P≈≈...♣♣ ..
♣♣≈♣♣♣.♣♣♣♣.≈≈≈†...♣
#
♣♣≈≈♣♣...♣..[≈≈≈.≈.♣
♣.≈♣♣♣..♣♣.≈@♣♣.≈...♣
♣†≈♣♣.†♣..≈♣♣♣..≈≈..♣
♣♣≈≈♣†.♣..≈..♣♣D≈≈≈≈♣
♣..≈≈♣♣♣..≈.♣♣..≈≈≈≈♣
♣♣.≈†♣♣..≈≈♣♣♣≈≈≈≈≈≈♣
♣P.♣≈≈♣♣≈..♣ ..≈≈≈≈.♣
♣♣.♣♣≈≈≈≈.♣♣♣♣.≈≈≈≈.♣
♣P......♣♣ ♣...P≈≈♣♣


There were no monsters in sight!

Vanquished Creatures
  Frances (D:12)
  Gastronok (Lair:2)
  A frost giant (IceCv)
  Nessos (Lair:4)
  A fire dragon (Lair:6)
  2 boulder beetles
  5 hydras
  4 two-headed ogres
  A queen ant (Lair:6)
  11 death yaks
  Urug (D:10)
  A swamp dragon (Lair:6)
  An unseen horror (D:11)
  A lindwurm (Lair:5)
  An oklob plant (Lair:2)
  A cyclops (D:9)
  2 ugly things (D:12)
  4 black mambas
  10 elephants
  8 cane toads
  An ice statue (IceCv)
  Joseph (D:7)
  7 rime drakes
  An efreet (D:12)
  2 komodo dragons
  5 trolls
  16 polar bears
  2 slime creatures (D:12)
  17 blink frogs
  12 dream sheep
  5 redbacks (Lair:2)
  40 yaks
  4 wyverns
  2 wraiths
  5 basilisks
  3 fire bats (Lair:6)
  Edmund (D:4)
  3 acid dragons
  A warg (Lair:5)
  19 water moccasins
  2 soldier ants (Lair:6)
  Duvessa (D:6)
  3 sky beasts
  2 orc warriors
  2 black bears
  5 ice beasts
  A swamp drake (Lair:6)
  4 ogres
  8 centaurs
  21 wolves
  4 phantoms
  A kobold brigand (D:9)
  An elf zombie (Ossuary)
  15 bullfrogs
  A wyvern zombie (D:9)
  Dowan (D:6)
  2 scorpions
  15 killer bees
  8 howler monkeys
  3 centaur zombies
  3 hounds
  A quasit (D:10)
  A bullfrog zombie (D:7)
  A human zombie (Ossuary)
  2 orc priests (D:12)
  8 jellies
  2 centaur skeletons
  6 iguanas
  11 orc wizards
  21 worker ants
  5 hell rats (Lair:4)
  A killer bee zombie (D:8)
  2 hound zombies (Ossuary)
  A hound skeleton (D:9)
  5 mummies
  3 worker ant zombies
  Robin (D:2)
  7 adders
  3 shadow imps
  5 white imps
  3 ufetubi
  4 oozes
  An adder skeleton (D:4)
  4 adder zombies
  4 worms
  A dart slug (D:3)
  4 leopard geckos
  43 orcs
  6 bats
  5 giant cockroaches
  11 goblins
  12 hobgoblins
  10 jackals
  12 kobolds
  4 quokkas
  A ball python (D:5)
  2 frilled lizards
  A giant cockroach zombie (D:5)
  A hobgoblin zombie (Ossuary)
  A jackal zombie (Ossuary)
  2 kobold zombies (Ossuary)
  An orc zombie (Ossuary)
  A quokka skeleton (D:5)
  8 rats
536 creatures vanquished.

Vanquished Creatures (others)
  4 dream sheep (D:10)
  31 fungi
  69 plants
  4 toadstools (D:1)
108 creatures vanquished.

Grand Total: 644 creatures vanquished

Notes
Turn   | Place    | Note
-------+----------+-------------------------------------------
     0 | D:1      | wakim the Minotaur Berserker began the quest for the Orb.
     0 | D:1      | Reached XP level 1. HP: 19/19 MP: 0/0
   253 | D:1      | Reached XP level 2. HP: 24/27 MP: 1/1
   355 | D:1      | Reached skill level 4 in Fighting
   585 | D:1      | Reached XP level 3. HP: 32/33 MP: 2/2
   661 | D:1      | Reached ** piety under Trog
  1082 | D:2      | Reached skill level 1 in Shields
  1108 | D:2      | Noticed Robin
  1119 | D:2      | Killed Robin
  1787 | D:2      | Reached XP level 4. HP: 39/41 MP: 3/3
  2112 | D:2      | Found an iron altar of Okawaru.
  2439 | D:3      | Reached *** piety under Trog
  2599 | D:3      | Reached skill level 5 in Fighting
  2855 | D:4      | Found an ancient bone altar of Kikubaaqudgha.
  2960 | D:4      | Reached XP level 5. HP: 48/48 MP: 4/4
  2992 | D:4      | Noticed Edmund
  3002 | D:4      | Killed Edmund
  3024 | D:4      | Noticed an ogre
  3028 | D:4      | Reached XP level 6. HP: 54/56 MP: 5/5
  3033 | D:4      | Reached skill level 5 in Armour
  3409 | D:4      | Found Ciburuh's Weapon Shop.
  3564 | D:5      | Entered Level 5 of the Dungeon
  3571 | D:5      | Reached skill level 6 in Fighting
  3642 | D:5      | Reached XP level 7. HP: 59/64 MP: 6/6
  3735 | D:5      | Found a shimmering blue altar of Sif Muna.
  3735 | D:5      | Found a snail-covered altar of Cheibriados.
  3883 | D:5      | Found a shadowy altar of Dithmenos.
  3999 | D:5      | Reached skill level 7 in Fighting
  4011 | D:5      | Reached **** piety under Trog
  4100 | D:5      | Found a burning altar of Makhleb.
  4310 | D:5      | Found a sacrificial altar of Ru.
  4483 | D:6      | Found a broken altar of Ashenzari.
  4602 | D:6      | Found a staircase to the Ecumenical Temple.
  4746 | D:6      | Noticed Dowan
  4756 | D:6      | Killed Dowan
  4787 | D:6      | Noticed Duvessa
  4812 | D:6      | Killed Duvessa
  4813 | D:6      | Reached XP level 8. HP: 68/73 MP: 7/7
  5177 | D:6      | Noticed a +0 hand axe
  5178 | D:6      | Noticed a +0 hand axe
  5179 | D:6      | Found a hide-covered altar of Uskayaw.
  5277 | D:7      | Found a sand-covered staircase.
  5287 | Ossuary  | Entered an ossuary
  5295 | Ossuary  | Reached skill level 8 in Fighting
  5303 | Ossuary  | Reached skill level 5 in Dodging
  5757 | D:7      | Noticed Joseph
  5761 | D:7      | Found a stormy altar of Qazlal.
  5766 | D:7      | Killed Joseph
  5767 | D:7      | Reached skill level 9 in Fighting
  5767 | D:7      | Reached XP level 9. HP: 71/83 MP: 8/8
  5997 | D:7      | Got a distressingly furry robe
  6000 | D:7      | Identified the +1 robe of Recklessness {rPois} (You found
                  | it on level 7 of the Dungeon)
  6364 | D:8      | Noticed a boulder beetle
  6560 | D:8      | Reached skill level 1 in Maces & Flails
  6564 | D:8      | Reached ***** piety under Trog
  6565 | D:8      | Reached skill level 10 in Fighting
  7079 | D:8      | Killed a boulder beetle
  7080 | D:8      | Reached skill level 10 in Armour
  7320 | D:8      | Got a fine rapier
  7321 | D:8      | Identified the +9 rapier of Fixation {freeze, *Drain rC+
                  | Str+3} (You found it on level 8 of the Dungeon)
  7501 | D:9      | Reached XP level 10. HP: 54/94 MP: 9/9
  7757 | D:9      | Reached skill level 11 in Fighting
  8154 | D:9      | Noticed a cyclops
  8159 | D:9      | Killed a cyclops
  8461 | D:10     | Entered Level 10 of the Dungeon
  8508 | D:10     | Found a shimmering altar of Xom.
  8767 | D:10     | Reached skill level 12 in Fighting
  8776 | D:10     | Reached skill level 5 in Maces & Flails
  8780 | D:10     | Noticed a two-headed ogre
  8787 | D:10     | Killed a two-headed ogre
  8869 | D:10     | Noticed a two-headed ogre
  8880 | D:10     | Killed a two-headed ogre
  8881 | D:10     | Reached XP level 11. HP: 50/105 MP: 10/10
  9391 | D:10     | Noticed Urug
  9398 | D:10     | Received a gift from Trog
  9401 | D:10     | Killed Urug
  9683 | D:11     | Identified 3 scrolls of acquirement
  9683 | D:11     | Acquired a +2 pair of boots of stealth
  9711 | D:11     | Acquired a manual of Fighting
  9717 | D:11     | Acquired the ring of Reasuew {Will+ Dex+6 Slay+3}
  9863 | D:11     | Reached skill level 1 in Polearms
  9903 | D:11     | Reached skill level 13 in Fighting
  9950 | D:11     | Killed an unseen horror
 10005 | D:11     | Found a staircase to the Orcish Mines.
 10095 | D:11     | Found a frozen archway.
 10104 | IceCv    | Entered an ice cave
 10660 | IceCv    | Reached skill level 14 in Fighting
 10670 | IceCv    | Reached skill level 5 in Polearms
 10880 | IceCv    | Noticed a frost giant
 10892 | IceCv    | Killed a frost giant
 10893 | IceCv    | Reached XP level 12. HP: 118/118 MP: 11/11
 10943 | IceCv    | Got a faintly glowing halberd
 10955 | IceCv    | Identified the +10 halberd of the Six Portals {vorpal,
                  | Str+5} (You found it in an ice cave)
 11068 | D:11     | Reached skill level 15 in Fighting
 11189 | D:11     | Found a staircase to the Lair.
 11359 | D:11     | Noticed a two-headed ogre
 11365 | D:11     | Killed a two-headed ogre
 11592 | D:12     | Noticed Frances
 11608 | D:12     | Killed Frances
 11791 | D:12     | Noticed a four-headed hydra
 11801 | D:12     | Killed a four-headed hydra
 11802 | D:12     | Reached skill level 16 in Fighting
 12033 | D:12     | Noticed a two-headed ogre
 12039 | D:12     | Killed a two-headed ogre
 12504 | D:12     | Received a gift from Trog
 12646 | Lair:1   | Entered Level 1 of the Lair of Beasts
 12660 | Lair:1   | Reached skill level 10 in Dodging
 12742 | Lair:1   | Noticed a boulder beetle
 12749 | Lair:1   | Killed a boulder beetle
 12782 | Lair:1   | Reached XP level 13. HP: 121/130 MP: 12/12
 12960 | Lair:1   | You fall into a shaft and drop 1 floor!
 13471 | Lair:2   | Reached skill level 17 in Fighting
 13527 | Lair:2   | Got a ruby-studded scale mail
 13529 | Lair:2   | Identified the +1 scale mail of Itojot {rPois rF- Str+3
                  | Int+5} (You found it on level 2 of the Lair of Beasts)
 13572 | Lair:2   | Found a hole to the Spider Nest.
 13606 | Lair:2   | Found a staircase to the Shoals.
 13826 | Lair:2   | Noticed Gastronok
 13840 | Lair:2   | Killed Gastronok
 13841 | Lair:2   | Reached skill level 10 in Polearms
 13841 | Lair:2   | Reached skill level 15 in Armour
 14003 | Lair:2   | Found a sparkling altar of Nemelex Xobeh.
 14246 | Lair:2   | Reached skill level 1 in Stealth
 14359 | Lair:3   | Reached skill level 18 in Fighting
 15208 | Lair:4   | Reached XP level 14. HP: 112/143 MP: 13/13
 15277 | Lair:4   | Noticed Nessos
 15284 | Lair:4   | Killed Nessos
 15285 | Lair:4   | Reached skill level 1 in Throwing
 15288 | Lair:4   | Reached ****** piety under Trog
 15577 | Lair:4   | Reached skill level 1 in Evocations
 16565 | Lair:5   | Found a viscous altar of Jiyva.
 16566 | Lair:5   | Found a staircase to the Slime Pits.
 17104 | Lair:6   | Entered Level 6 of the Lair of Beasts
 17167 | Lair:6   | Received a gift from Trog
 17921 | Lair:6   | HP: 10/216 [poison (poison gas)]
 17923 | Lair:6   | HP: 1/216 [poison (poison gas)]
 17924 | Lair:6   | Succumbed to poison (poison gas)

Illustrated notes

Levels and vault maps discovered:
D:1:      ldierk_water_garden, layout_loops_ring, hangedman_decor_opposing
D:2:      kennysheep_six_static_rooms, layout_loops_corners,
          kennysheep_okawaru_gauntlet, gammafunk_temple_overflow_elements,
          nrook_mini_vaults, st_stairs_7, minmay_unequal, uniq_robin
D:3:      layout_rooms
D:4:      layout_basic, lemuel_doored_altar, serial_shops, shop, uniq_edmund
D:5:      layout_loops_corners, nicolae_ru_path_of_blood, grunt_dithmenos_smoke,
          makhleb_blood_cavern_becter, gammafunk_temple_overflow_pools,
          minmay_a_box_with_orc_wizards_in_it
D:6:      layout_cave_pools, dancing_weapons_uskayaw, kennysheep_little_box,
          minmay_temple_entry_wispy, uniq_duvessa
D:7:      layout_loops_ring, gup_ossuary_entry_pyramid,
          nicolae_qazlal_style_of_elements, uniq_joseph
D:8:      layout_cave_pools
D:9:      minmay_ornate_pinched, layout_small_grid
D:10:     layout_irregular_city, serial_bayou_pond_e, chequers_mini_garden,
          grunt_decor_arrowhead, kb_xom_exploding_sheep, uniq_urug
D:11:     layout_cave_pods, grunt_lair_entry_orc_guard_hut, orc_0_dummy,
          portal_ice_cave_entry_pillars_1
D:12:     layout_loops_cross, uniq_frances
D:13:     layout_loops_ring, grunt_vaults_entry_fortified, grunt_ministairs_7,
          minmay_misc_feat_iff
Lair:1:   layout_misc_corridors, nzn_sisyphean_effort
Lair:2:   layout_regular_city, minmay_shoals_entry_centaurs,
          spider_nest_entry_funnel_web, lemuel_oklob_altar,
          serial_bayou_shore_a, uniq_gastronok
Lair:3:   layout_chaotic_city, infiniplex_staircase_pool
Lair:4:   layout_hall_layers, uniq_nessos
Lair:5:   layout_cave_pods, dpeg_slime_entry_enclosed_altar
Lair:6:   hangedman_lair_caniforms_friends, layout_loops_ring,
          guppyfry_lair_end_dragon, nicolae_volcano_entry_batcave,
          minmay_another_anthill, lemuel_fruit_tree

Skill      XL: |  1  2  3  4  5  6  7  8  9 10 11 12 13 14 |
---------------+-------------------------------------------+-----
Fighting       | 4 5 6 7 9 10 12 14 16 18 | 18.3
Armour         | 3 4 5 6 8 10 12 13 14 15 16 | 16.3
Shields        | 1 2 3 4 |  4.0
Axes           | 4 |  4.0
Dodging        | 3 4 5 6 8 9 10 11 12 | 12.1
Maces & Flails | 3 5 |  5.7
Polearms       | 6 8 11 12 | 12.0
Stealth        | 2 3 |  3.7
Throwing       | 3 |  3.0
Evocations     | 2 |  2.5

Action                   |  1- 3 |  4- 6 |  7- 9 | 10-12 | 13-15 || total
-------------------------+-------+-------+-------+-------+-------++-------
Melee: Hand axe          |    61 |       |       |       |       ||    61
       Headbutt          |    19 |    23 |    59 |   147 |   164 ||   412
       Short sword       |    12 |    65 |       |       |       ||    77
       Flail             |       |    39 |   286 |       |       ||   325
       Rapier            |       |       |    16 |   154 |       ||   170
       Demon trident     |       |       |       |   384 |   607 ||   991
Throw: Boomerang         |       |       |       |     4 |    12 ||    16
Invok: Trog's Hand       |       |       |     1 |     2 |     3 ||     6
       Berserk           |       |       |     5 |     3 |     1 ||     9
  Use: Scroll            |       |       |    22 |     7 |     4 ||    33
 Stab: Sleeping          |     1 |       |       |     2 |     6 ||     9
       Distracted        |       |       |       |       |     2 ||     2
       Confused          |       |       |       |       |     1 ||     1
Armor: Animal skin       |     7 |       |       |       |       ||     7
       Leather armour    |     9 |       |       |       |       ||     9
       Chain mail        |       |    28 |   197 |    46 |       ||   271
       Scale mail        |       |       |       |   193 |   180 ||   373
Dodge: Dodged            |    37 |    44 |   157 |   359 |   305 ||   902
Block: Other             |     4 |       |       |       |       ||     4
       Buckler           |     3 |    59 |   212 |   369 |   267 ||   910
       Reflection        |       |     1 |     6 |    12 |     4 ||    23

Table legend: (Time is in decaauts)
 A = Elapsed time spent in this place.
 B = Non-inter-level travel time spent in this place.
 C = Inter-level travel time spent in this place.
 D = Time resting spent in this place.
 E = Time spent auto-exploring this place.
 F = Levels seen in this place.
 G = Mean time per level.
                   A        B        C        D        E       F      G
               +--------+--------+--------+--------+--------+-----+--------+
         Total |  18025 |  17543 |    482 |   3808 |  10034 |  21 |  858.3 |
       Dungeon |  11732 |  11406 |    326 |   2679 |   6462 |  13 |  902.5 |
          Lair |   5149 |   4993 |    156 |    711 |   3273 |   6 |  858.2 |
       Ossuary |    173 |    173 |      0 |      0 |     93 |   1 |  173.0 |
      Ice Cave |    969 |    969 |      0 |    418 |    205 |   1 |  969.0 |
               +--------+--------+--------+--------+--------+-----+--------+

Top non-repeatable levels by time:
     D:7: 1439 daAuts
     D:2: 1416 daAuts
  Lair:5: 1359 daAuts
    D:10: 1250 daAuts
    D:12: 1051 daAuts
     D:9: 1020 daAuts
  Lair:4: 976 daAuts
   IceCv: 969 daAuts
    D:11: 949 daAuts
     D:1: 886 daAuts
     D:5: 869 daAuts
  Lair:3: 860 daAuts
  Lair:2: 845 daAuts
     D:6: 833 daAuts
     D:4: 761 daAuts
